 Dungeon Crawl Stone Soup version 0.14.0-15-g6b16f67 (webtiles) character file.

93 Deemzul the Skirmisher (level 3, -10/36 HPs)
             Began as a Naga Fighter on Apr 18, 2014.
             Mangled by a gnoll
             ... wielding a +2,+2 flail
              (11 damage)
             ... on Level 3 of the Dungeon.
             The game lasted 00:02:21 (1792 turns).

Deemzul the Skirmisher (Naga Fighter)               Turns: 1792, Time: 00:02:21

HP -10/36        AC  4     Str 19      XL: 3   Next: 41%
MP   3/3         EV  4     Int  8      God:
Gold 56          SH 17     Dex 10      Spells:  0 memorised,  2 levels left

rFire  . . .     SeeInvis +     a - +0 war axe
rCold  . . .     Clarity  .     b - +0 scale mail
rNeg   . . .     Conserve .     c - +0 shield
rPois  +         rCorr    .     (no helmet)
rElec  .         rRot     .     (no cloak)
SustAb . .       Spirit   .     (no gloves)
rMut   .         Warding  .     (no barding)
Saprov . . .     Stasis   .     (no amulet)
MR     .....                    (no ring)
                                (no ring)

@: very slow, not resistant to hostile enchantments, extremely unstealthy
A: spit poison, see invisible, deformed body, poison resistance, slowness 2, AC
+1
a: Spit Poison


You were on level 3 of the Dungeon.
You were not hungry.

You visited 1 branch of the dungeon, and saw 3 of its levels.

You collected 56 gold pieces.

Inventory:

Hand weapons
 a - a +0,+0 war axe (weapon)
Armour
 b - a +0 scale mail (worn)
 c - a +0 shield (worn)
Comestibles
 d - 2 bread rations
 g - an apple
 k - an apricot
 o - a lychee
 r - a meat ration
 t - 6 sultanas
Scrolls
 m - a scroll of amnesia {unknown}
 n - a scroll of recharging {unknown}
 p - a scroll of remove curse {unknown}
 q - a scroll of identify {unknown}
Jewellery
 h - an uncursed ring of protection from magic {unknown}
Potions
 e - 3 potions of might
 f - 2 potions of heal wounds
 i - 4 potions of curing {unknown}
 j - 2 potions of restore abilities {unknown}
 l - a potion of cure mutation {unknown}
 s - a potion of degeneration {unknown}


   Skills:
 + Level 3.9 Fighting
 + Level 2.7 Axes
 - Level 2.4 Armour
 - Level 2.4 Shields


You had 2 spell levels left.
You didn't know any spells.

Dungeon Overview and Level Annotations

Branches:
Dungeon (3/15)

Altars:


Innate Abilities, Weirdness & Mutations

You cannot wear boots.
You can spit poison.
Your serpentine skin is tough (AC +1).
You have supernaturally acute eyesight.
Armour fits poorly on your strangely shaped body.
Your system is resistant to poisons.
You cover ground very slowly.


Message History

You closely miss the gnoll. You barely miss the gnoll.
You block the gnoll's attack.
The gnoll hits you from afar with a halberd.
The gnoll hits you but does no damage. The gnoll hits you with a spear.
The gnoll hits you from afar with a halberd.
You hit the gnoll.
The gnoll is moderately wounded.
You barely miss the gnoll. The gnoll hits you with a club!
The gnoll barely misses you. The gnoll hits you but does no damage.
Unknown command.
You closely miss the gnoll.
The gnoll is moderately wounded.
You hit the gnoll.
The gnoll is heavily wounded.
You block the gnoll's attack.
The gnoll hits you from afar with a halberd.
The gnoll hits you but does no damage. The gnoll hits you with a spear!
* * * LOW HITPOINT WARNING * * *
The gnoll hits you with a flail!
You die...

#######<..........#
###.........#
######.........#
#..............#
+.........#+####
#......#..#.#
#......#..#.#
#......#..#.######...
#......#.>..@g.......
#...........gg.......
.........#..g......
........#.........
#+#....#....(....
...............
#............
#...#.#.### $#.#.


You could see 4 gnolls.

Vanquished Creatures
  A worm (D:2)
  A giant cockroach (D:1)
  5 goblins
  2 hobgoblins (D:2)
  A jackal (D:1)
  2 quokkas (D:2)
  7 bats
  A giant gecko (D:1)
  5 giant newts
  4 kobolds (D:1)
  4 rats
33 creatures vanquished.

Notes
Turn   | Place    | Note
--------------------------------------------------------------
     0 | D:1      | Deemzul, the Naga Fighter, began the quest for the Orb.
     0 | D:1      | Reached XP level 1. HP: 21/21 MP: 1/1
   366 | D:1      | Reached XP level 2. HP: 28/28 MP: 2/2
  1296 | D:2      | Reached XP level 3. HP: 21/36 MP: 3/3
  1792 | D:3      | HP: 1/36 [gnoll/spear (10)]
  1792 | D:3      | Mangled by a gnoll

Action                   || total
-------------------------++-------
Melee: War axe           ||   116
  Use: Potion            ||     1
